 Dungeon Crawl Stone Soup version 0.30.1-4-g462c640d31 (webtiles) character file.

Game seed: 16710041210494588869

537 Bobit the Chopper (level 7, -37/56 HPs)
             Began as a Gnoll Reaver on Aug 14, 2023.
             Was an Initiate of Yredelemnul.
             Killed from afar by an orc sorcerer (43 damage)
             ... with a bolt of fire
             ... led by the fury of Okawaru
             ... on level 5 of the Dungeon.
             The game lasted 00:17:30 (5104 turns).

Bobit the Chopper (Gnoll Reaver)                    Turns: 5104, Time: 00:17:31

Health: -37/56     AC:  6    Str: 13    XL:     7   Next: 25%
Magic:  0/15       EV: 11    Int: 12    God:    Yredelemnul [......]
Gold:   196        SH:  4    Dex: 11    Spells: 7/17 levels left

rFire   . . .        a - +0 hand axe
rCold   . . .        n - +0 buckler
rNeg    . . .        l - +0 ring mail
rPois   .            (no helmet)
rElec   .            (no cloak)
rCorr   .            (no gloves)
SInv    .            r - +0 pair of boots
Will    .....        m - amulet of guardian spirit
Stlth   +            t - ring of wizardry
HPRegen 0.29/turn    (no ring)
MPRegen 0.14/turn

%: guardian spirit, wizardry (x1)
@: no status effects
A: fangs 1, strong nose, distributed training
a: Renounce Religion, Recall Undead Harvest


You were on level 5 of the Dungeon.
You worshipped Yredelemnul.
Yredelemnul was noncommittal.
You visited 2 branches of the dungeon, and saw 6 of its levels.

You collected 196 gold pieces.

Inventory:

Hand Weapons
 a - a +0 hand axe (weapon)
 D - a +1 dagger of venom
Missiles
 z - a throwing net
Armour
 b - a +0 leather armour
 l - a +0 ring mail (worn)
 n - a +0 buckler (worn)
 r - a +0 pair of boots (worn)
 x - a +0 ring mail
 y - a +0 leather armour
Jewellery
 d - an amulet of guardian spirit
 m - an amulet of guardian spirit (around neck)
 t - a ring of wizardry (left hand)
Wands
 o - a wand of flame (7)
Scrolls
 c - 2 scrolls of immolation {unknown}
 e - 3 scrolls of identify (quivered)
 h - 2 scrolls of teleportation
 k - a scroll of enchant armour {unknown}
 q - a scroll of blinking {unknown}
 v - a scroll of magic mapping {unknown}
 A - a scroll of fear {unknown}
 C - a scroll of amnesia {unknown}
Potions
 f - 2 potions of might {unknown}
 g - a potion of brilliance {unknown}
 i - 3 potions of attraction
 j - 2 potions of curing
 p - a potion of heal wounds {unknown}
 s - 2 potions of invisibility {unknown}
 u - 2 potions of degeneration {unknown}
 w - a potion of lignification {unknown}
 B - a potion of mutation {unknown}


   Skills:
 + Level 5.2 Fighting
 + Level 2.4 Short Blades
 + Level 2.4 Long Blades
 + Level 7.0 Axes
 + Level 2.4 Maces & Flails
 + Level 2.4 Polearms
 + Level 2.4 Staves
 + Level 2.4 Ranged Weapons
 + Level 2.4 Throwing
 + Level 2.4 Armour
 + Level 5.2 Dodging
 + Level 2.4 Stealth
 + Level 2.4 Shields
 + Level 2.4 Unarmed Combat
 + Level 5.6 Spellcasting
 + Level 5.8 Conjurations
 + Level 2.0 Hexes
 + Level 2.0 Summonings
 + Level 2.0 Necromancy
 + Level 2.0 Translocations
 + Level 2.0 Transmutations
 + Level 2.0 Fire Magic
 + Level 2.0 Ice Magic
 + Level 2.0 Air Magic
 + Level 2.0 Earth Magic
 + Level 2.0 Poison Magic
 + Level 2.7 Invocations
 + Level 2.4 Evocations


You had 7 spell levels left.
You knew the following spells:

 Your Spells              Type           Power      Damage    Failure   Level
a - Kiss of Death         Conj/Necr      48%        2d9       4%          1
b - Momentum Strike       Conj/Tloc      24%        3d8       6%          2
c - Hailstorm             Conj/Ice       12%        3d5       13%         3
d - Mephitic Cloud        Conj/Pois/Air  11%        N/A       16%         3
e - Magic Dart            Conj           68%        1d6       1%          1

Your spell library contained the following spells:

 Spells                   Type           Power      Damage    Failure   Level
 Sandblast                Erth           16%        2d6       10%         1
 Stone Arrow              Conj/Erth      24%        3d8       13%         3
 Call Imp                 Summ           16%        N/A       14%         2
 Ensorcelled Hibernation  Hex/Ice        16%        N/A       14%         2
 Passwall                 Tmut/Erth      6%         N/A       14%         2
 Swiftness                Air            8%         N/A       26%         3
 Vhi's Electric Charge    Tloc/Air       16%        N/A       26%         3
 Arcjolt                  Conj/Air       6%         1d16      71%         5
 Plasma Beam              Fire/Air       4%         2x1d15    100%        6


Dungeon Overview and Level Annotations

Branches:
Dungeon (5/15)             Temple (1/1) D:4

Altars:
Ashenzari
Cheibriados
Dithmenos
Elyvilon
Fedhas
Hepliaklqana
Kikubaaqudgha
Makhleb
Nemelex Xobeh
Okawaru
Qazlal
Ru
Trog
Uskayaw
Wu Jian
Xom
Yredelemnul
Zin
The Shining One

Shops:
D:2 =


Innate Abilities, Weirdness & Mutations

You have very sharp teeth.
Your uncanny sense of smell can sniff out nearby items.
Your experience applies equally to all skills.


Message History

Unknown command.
You hit the orc knight but do no damage.
The orc knight is moderately wounded.
The orc knight barely misses you.
Your black bear zombie bites the orc knight but does no damage.
Your black bear zombie claws the orc knight but does no damage.
Your black bear zombie completely misses the orc knight.
You cannot move.
You closely miss the orc knight.
The orc knight is moderately wounded.
The orc knight hits you with a +0 dire flail of holy wrath!
* * * LOW HITPOINT WARNING * * *
You closely miss the orc knight.
The orc knight is moderately wounded.
Your black bear zombie bites the orc knight but does no damage.
Your black bear zombie barely misses the orc knight. x2
The orc knight roars a battlecry!
The orcs go into a battle-frenzy!
The orc sorcerer casts a spell.
You cannot move.
You hit the orc knight but do no damage.
The orc knight is moderately wounded.
Your black bear zombie bites the orc knight.
Your black bear zombie barely misses the orc knight. x2
The orc knight hits you with a +0 dire flail of holy wrath!
* * * LOW HITPOINT WARNING * * *
You hit the orc knight but do no damage.
The orc knight is moderately wounded.
You are no longer robbed of momentum.
The orc knight roars a battlecry!
The orc goes into a battle-frenzy!
Your black bear zombie misses the orc knight.
Your black bear zombie barely misses the orc knight.
Your black bear zombie claws the orc knight but does no damage.
The orc sorcerer casts a spell at you.
The bolt of fire misses the orc.
The bolt of fire hits the sun demon.
The sun demon completely resists.
The bolt of fire hits you!!!
Ouch! That really hurt!
You die...
Your body rises from the dead as a mindless zombie.

oooo#....#..#......#........
.oTo#....#..#......+........
...o#....#..#......#......#
Z...#....#..'......#......+
....#....#..#......#......#
.####....#..########......####
.#...Z#Z##..##.....#......#..###
.#....#......'..<).'......#....#
.#....#......#..@..#......#....#
.'....#......#.Z...#......#....#
##....#####.###.oo##......###'##
#........#.###3T.#....#'###..###
#..).....+...o...+....#........#
#........#...o...#....#........#
#........#.......#....#........#
#........######'##....#######..#
#####...............######......


You could see an orc knight (ally target), a sun demon (summoned), a troll, an
orc sorcerer (strong), an orc warrior (strong), an orc (strong) and a friendly
black bear zombie.

Vanquished Creatures
  A black bear (D:5)
  A phantom (D:4)
  A hound (D:4)
  A jelly (D:5)
  Terence (D:2)
  An iguana (D:5)
  8 adders
  7 gnolls
  2 river rats (D:3)
  A shadow imp (D:3)
  7 worms
  2 dart slugs
  An orc (D:5)
  5 ball pythons
  5 bats
  6 endoplasms
  A giant cockroach (D:2)
  3 goblins
  3 hobgoblins
  7 jackals
  7 kobolds
  2 quokkas
  6 frilled lizards
  8 rats
87 creatures vanquished.

Vanquished Creatures (others)
  A worm zombie (D:5)
1 creature vanquished.

Grand Total: 88 creatures vanquished

Notes
Turn   | Place    | Note
-------+----------+-------------------------------------------
     0 | D:1      | Bobit the Gnoll Reaver began the quest for the Orb.
     0 | D:1      | Reached XP level 1. HP: 20/20 MP: 6/6
   145 | D:1      | Reached XP level 2. HP: 9/26 MP: 7/7
   967 | D:2      | Reached skill level 5 in Spellcasting
   967 | D:2      | Reached XP level 3. HP: 31/31 MP: 7/9
  1060 | D:2      | Reached skill level 1 in Invocations
  1071 | D:2      | Learned a level 2 spell: Momentum Strike
  1075 | D:2      | Learned a level 3 spell: Hailstorm
  1079 | D:2      | Learned a level 3 spell: Mephitic Cloud
  1081 | D:2      | Learned a level 1 spell: Magic Dart
  1440 | D:2      | Reached skill level 1 in Short Blades
  1440 | D:2      | Reached skill level 1 in Long Blades
  1440 | D:2      | Reached skill level 1 in Maces & Flails
  1440 | D:2      | Reached skill level 1 in Polearms
  1440 | D:2      | Reached skill level 1 in Staves
  1440 | D:2      | Reached skill level 1 in Ranged Weapons
  1440 | D:2      | Reached skill level 1 in Throwing
  1440 | D:2      | Reached skill level 1 in Armour
  1440 | D:2      | Reached skill level 1 in Stealth
  1440 | D:2      | Reached skill level 1 in Shields
  1440 | D:2      | Reached skill level 1 in Unarmed Combat
  1440 | D:2      | Reached skill level 1 in Evocations
  1482 | D:2      | Found Hufivud's Jewellery Emporium.
  1602 | D:2      | Reached XP level 4. HP: 36/36 MP: 3/11
  1682 | D:2      | Found a stormy altar of Qazlal.
  1846 | D:2      | Noticed Terence
  1859 | D:2      | Killed Terence
  1860 | D:2      | Reached skill level 1 in Hexes
  1860 | D:2      | Reached skill level 1 in Summonings
  1860 | D:2      | Reached skill level 1 in Necromancy
  1860 | D:2      | Reached skill level 1 in Translocations
  1860 | D:2      | Reached skill level 1 in Transmutations
  1860 | D:2      | Reached skill level 1 in Fire Magic
  1860 | D:2      | Reached skill level 1 in Ice Magic
  1860 | D:2      | Reached skill level 1 in Air Magic
  1860 | D:2      | Reached skill level 1 in Earth Magic
  1860 | D:2      | Reached skill level 1 in Poison Magic
  2104 | D:2      | Reached XP level 5. HP: 32/43 MP: 1/12
  3116 | D:3      | Reached XP level 6. HP: 50/50 MP: 6/13
  3538 | D:4      | Reached skill level 5 in Fighting
  3538 | D:4      | Reached skill level 5 in Dodging
  3784 | D:4      | Found a staircase to the Ecumenical Temple.
  3796 | Temple   | Entered the Ecumenical Temple
  3843 | Temple   | Became a worshipper of Warmaster Okawaru
  4126 | D:5      | Entered Level 5 of the Dungeon
  4459 | Temple   | Fell from the grace of Okawaru
  4459 | Temple   | Became a worshipper of Yredelemnul the Dark
  4584 | D:5      | Reached skill level 7 in Axes
  4584 | D:5      | Reached XP level 7. HP: 39/56 MP: 11/15
  4647 | D:5      | Noticed an orc knight
  4647 | D:5      | Noticed a warg
  4647 | D:5      | Noticed an orc knight
  4647 | D:5      | Noticed a troll
  4647 | D:5      | Noticed an orc sorcerer
  4651 | D:5      | Noticed an orange demon
  5102 | D:5      | Noticed a sun demon
  5104 | D:5      | Killed from afar by an orc sorcerer

Illustrated notes

Levels and vault maps discovered:
D:1:      nzn_arrival_crosshair, layout_basic, chequers_serial_rivers_micro_a
D:2:      layout_loops_corners, serial_shops, nicolae_shop_real_fake_doors,
          basic_altar, uniq_terence
D:3:      layout_basic, lightli_sewer_entry_pipes
D:4:      layout_cave_pools, minmay_temple_entry_mist
D:5:      layout_gridville, chequers_temple_overflow_minitemple,
          nicolae_figureground_pulse
Temple:   compressed_dpeg_triangle_lava_temple

Skill      XL: |  1  2  3  4  5  6  7 |
---------------+----------------------+-----
Spellcasting   | 5 |  5.6
Invocations    | 1 2 |  2.7
Short Blades   | 1 2 |  2.4
Long Blades    | 1 2 |  2.4
Maces & Flails | 1 2 |  2.4
Polearms       | 1 2 |  2.4
Staves         | 1 2 |  2.4
Ranged Weapons | 1 2 |  2.4
Throwing       | 1 2 |  2.4
Armour         | 1 2 |  2.4
Stealth        | 1 2 |  2.4
Shields        | 1 2 |  2.4
Unarmed Combat | 1 2 |  2.4
Evocations     | 1 2 |  2.4
Hexes          | 1 2 |  2.0
Summonings     | 1 2 |  2.0
Necromancy     | 1 2 |  2.0
Translocations | 1 2 |  2.0
Transmutations | 1 2 |  2.0
Fire Magic     | 1 2 |  2.0
Ice Magic      | 1 2 |  2.0
Air Magic      | 1 2 |  2.0
Earth Magic    | 1 2 |  2.0
Poison Magic   | 1 2 |  2.0
Fighting       | 5 |  5.2
Dodging        | 5 |  5.2
Axes           | 7 |  7.0
Conjurations   | |  5.8

Action                     |  1- 3 |  4- 6 |  7- 9 || total
---------------------------+-------+-------+-------++-------
  Melee: Hand axe          |    80 |   219 |    16 ||   315
         Bite              |     5 |    23 |     1 ||    29
         Punch             |     1 |       |       ||     1
   Cast: Magic Dart        |    16 |    24 |     3 ||    43
         Kiss of Death     |     1 |     1 |       ||     2
         Momentum Strike   |       |    11 |     2 ||    13
         Hailstorm         |       |     2 |       ||     2
         Mephitic Cloud    |       |       |     2 ||     2
    Use: Potion            |       |       |     3 ||     3
         Scroll            |       |       |     2 ||     2
   Stab: Sleeping          |       |     1 |       ||     1
 Armour: Leather armour    |    25 |     1 |       ||    26
         Ring mail         |       |    66 |    33 ||    99
  Dodge: Dodged            |    83 |   107 |    26 ||   216
  Block: Buckler           |       |    38 |    10 ||    48
